General information
- name: GRUDGE
- type: Custom game
- host: BEAR_AND
- saver: BEAR_AND
map: TerenasStand
- players: 3
- length: 34:23
- speed: Fast
- version: 1.21 W3XP
- replay type:

» download(156 KB)
Players
team 1 (loser)
TowerPowerNerf (
green | 202 APM | 6948 actions | 34:22)
6 Death Knight
3 Death Coil
2 Unholy Aura
1 Animate Dead
2 Lich
1 Frost Nova
1 Frost Armor
» actions
| Assign group hotkey | 832 | |
| Basic commands | 113 | |
| Build / train | 70 | |
| Enter build submenu | 29 | |
| Enter hero's abilities submenu | 8 | |
| Give item / drop item | 7 | |
| Right click | 2344 | |
| Select / deselect | 509 | |
| Select group hotkey | 2878 | |
| Use ability | 158 | |
6948 total
» units
| Acolyte | 5 | |
| Ghoul | 12 | |
| Gargoyle | 14 | |
| Goblin Zeppelin | 1 | |
| Goblin Sapper | 1 | |
| Frost Wyrm | 1 | |
| Obsidian Statue | 1 | |
35 total
» upgrades
| Stone Form | 1 | |
| Creature Attack | 1 | |
| Ghoul Frenzy | 1 | |
3 total
» buildings
| Crypt | 2 | |
| Altar of Darkness | 2 | |
| Ziggurat | 10 | |
| Tomb of Relics | 1 | |
| Halls of the Dead | 1 | |
| Graveyard | 1 | |
| Nerubian Tower | 1 | |
| Black Citadel | 1 | |
| Sacrificial Pit | 2 | |
| Boneyard | 1 | |
| Slaughterhouse | 1 | |
| Spirit Tower | 4 | |
| Necropolis | 1 | |
28 total
» build order
00:07 Crypt
00:10 Altar of Darkness
00:33 Ziggurat
01:09 Tomb of Relics
01:39 Ziggurat
03:19 Halls of the Dead
04:17 Graveyard
05:46 Ziggurat
05:47 Crypt
07:46 Ziggurat
08:50 Nerubian Tower
10:45 Black Citadel
12:14 Ziggurat
13:35 Sacrificial Pit
13:39 Sacrificial Pit
14:42 Boneyard
17:16 Ziggurat
17:17 Ziggurat
17:18 Ziggurat
17:24 Altar of Darkness
27:06 Slaughterhouse
28:04 Ziggurat
30:26 Spirit Tower
30:45 Ziggurat
32:22 Necropolis
32:43 Spirit Tower
33:02 Spirit Tower
33:04 Spirit Tower
» items
| Rod of Necromancy | 3 | |
| Dust of Appearance | 1 | |
| Scroll of Healing | 6 | |
| Scroll of Town Portal | 1 | |
| Orb of Corruption | 1 | |
| Potion of Lesser Invulnerability | 2 | |
14 total
team 2 (winner)
TIMG4STRok (
red | 144 APM | 4937 actions | 34:22)
5 Warden
3 Fan of Knives
2 Blink
6 Pandaren Brewmaster
3 Breath of Fire
2 Drunken Haze
1 Storm Earth and Fire
» actions
| Assign group hotkey | 46 | |
| Basic commands | 109 | |
| Build / train | 98 | |
| ESC pressed | 3 | |
| Enter build submenu | 15 | |
| Enter hero's abilities submenu | 11 | |
| Give item / drop item | 11 | |
| Right click | 2554 | |
| Select / deselect | 447 | |
| Select group hotkey | 1450 | |
| Use ability | 193 | |
4937 total
» units
| Wisp | 19 | |
| Archer | 9 | |
| Dryad | 16 | |
| Goblin Shredder | 1 | |
| Goblin Zeppelin | 1 | |
| Druid of the Claw | 4 | |
| Goblin Sapper | 3 | |
53 total
» upgrades
| Strength of the Wild | 2 | |
| Abolish Magic | 1 | |
| Reinforced Hides | 2 | |
| Druid of the Claw Training | 2 | |
| Well Spring | 1 | |
| Ultravision | 1 | |
| Nature's Blessing | 1 | |
10 total
» buildings
| Altar of Elders | 1 | |
| Moon Well | 7 | |
| Ancient of War | 1 | |
| Tree of Ages | 1 | |
| Hunter's Hall | 1 | |
| Ancient of Lore | 2 | |
| Ancient of Wonders | 1 | |
| Ancient Protector | 2 | |
| Tree of Eternity | 1 | |
17 total
» build order
00:06 Altar of Elders
00:18 Moon Well
00:41 Ancient of War
01:46 Moon Well
02:50 Tree of Ages
03:34 Hunter's Hall
03:44 Moon Well
05:19 Moon Well
05:48 Moon Well
05:52 Ancient of Lore
07:28 Ancient of Wonders
07:45 Ancient Protector
07:51 Ancient Protector
10:42 Tree of Eternity
12:34 Ancient of Lore
14:38 Moon Well
30:57 Moon Well
» items
| Staff of Preservation | 2 | |
| Potion of Healing | 6 | |
| Moonstone | 2 | |
| Lesser Clarity Potion | 2 | |
| Potion of Mana | 2 | |
| Orb of Venom | 2 | |
| Boots of Speed | 1 | |
| Anti-magic Potion | 1 | |
| Dust of Appearance | 1 | |
19 total
observersBEAR_AND Chat log
(00:10 / All) TIMG4STRok: GL HF
(00:19 / All) TowerPowerNerf: u 2
(02:23 / All) TowerPowerNerf: ?
(02:24 / All) TowerPowerNerf: ^^
(02:49 / All) TowerPowerNerf: hero stuck? :P
(34:20 / All) TowerPowerNerf: gg
(34:21 / All) TowerPowerNerf: wp